 Seeded DCSS version 0.28-a0-620-g539b0f7ac7 (webtiles) character file.

Game seed: 2028981007 (custom seed)

74 a11behringer the Poker (level 4, -1/39 HPs)
             Began as a Minotaur Fighter on Oct 7, 2021.
             Killed from afar by an orc wizard (3 damage)
             ... with a magic dart
             ... on level 3 of the Dungeon.
             The game lasted 00:07:22 (2267 turns).

a11behringer the Poker (Minotaur Fighter)           Turns: 2267, Time: 00:07:23

Health: -1/39      AC:  8    Str: 21    XL:     4   Next: 9%
Magic:  3/3        EV:  9    Int:  5    God:
Gold:   64         SH:  4    Dex: 10    Spells: 3/3 levels left

rFire   . . .      SeeInvis .   a - +0 trident
rCold   . . .      Faith    .   c - +0 buckler
rNeg    . . .      Spirit   .   b - +0 scale mail
rPois   .          Reflect  .   (helmet restricted)
rElec   .          Harm     .   (no cloak)
rCorr   .          Rampage  .   (no gloves)
Will    .....                   f - +0 pair of boots
Stlth   ..........              (no amulet)
HPRegen 0.13/turn               (no ring)
MPRegen 0.08/turn               (no ring)

@: no status effects
A: horns 2, retaliatory headbutt
a: no special abilities


You were on level 3 of the Dungeon.
You visited 1 branch of the dungeon, and saw 3 of its levels.

You collected 64 gold pieces.

Inventory:

Hand Weapons
 a - a +0 trident (weapon)
 j - a +0 hunting sling
Missiles
 i - 9 poisoned darts (quivered)
 k - 73 sling bullets
Armour
 b - a +0 scale mail (worn)
 c - a +0 buckler (worn)
 f - a +0 pair of boots (worn)
Scrolls
 g - a scroll of enchant armour {unknown}
 h - 2 scrolls of blinking {unknown}
 l - a scroll of immolation {unknown}
 m - a scroll of identify {unknown}
 n - a scroll of silence {unknown}
Potions
 d - a potion of might
 e - 4 potions of curing {unknown}
 o - a potion of brilliance {unknown}
 p - a potion of degeneration {unknown}


   Skills:
 - Level 3.6 Fighting
 * Level 5.3 Polearms
 - Level 3.6 Armour
 - Level 0.2 Dodging
 - Level 3.6 Shields


You had 3 spell levels left.
You didn't know any spells.
Your spell library was empty.

Dungeon Overview and Level Annotations

Branches:
Dungeon (3/15)

Altars:


Innate Abilities, Weirdness & Mutations

You have a pair of horns on your head.
You reflexively headbutt those who attack you in melee.


Message History

* * * LOW HITPOINT WARNING * * *
You puncture the orc wizard!
You kill the orc wizard!
You feel sick.
Your Polearms skill increases to level 5!
You have reached level 4!
You feel stronger.
You closely miss the goblin.
You feel sick.
You are no longer poisoned.
The goblin hits you with a +0 dagger.
* * * LOW HITPOINT WARNING * * *
You puncture the goblin!
You kill the goblin!
You miss something. Your headbutt misses something. Something hits you.
* * * LOW HITPOINT WARNING * * *
Something hits you.
* * * LOW HITPOINT WARNING * * *
You closely miss something. Something hits you.
* * * LOW HITPOINT WARNING * * *
You barely miss something. Something hits you but does no damage.
You hit something. Something hits you but does no damage.
You closely miss something. Something hits you but does no damage.
Your scale mail prevents you from hitting something.
Your headbutt misses something.
You hear some strange, mumbled words.
A puff of flame appears from out of thin air!
The puff of flame hits you but does no damage.
You closely miss something.
You hear some strange, mumbled words.
Something tries to affect you, but you resist.
You miss something. Something hits you but does no damage.
You barely miss something. Something hits you.
* * * LOW HITPOINT WARNING * * *
You barely miss something. You headbutt something!
Something hits you but does no damage.
You miss something.
You hear some strange, mumbled words.
A magic dart appears from out of thin air!
The magic dart hits you.
You die...

###.#.#.## #..###....# ###.##.##
#..# #...... >..>##.# #..#
##...## #####..# #... ##.## #.##
#..# #.# #.# #..# #.# #.# #..
##'## #.# #{# ##...## #.# #@####
##.....# # ##.## #.##.##
##.......
####..>#########.#...####........
'.......................'........
####.#.#########.#...####........
# #.###.# #.##.## ##.......
##.#.## #.#### ##.....# ##.## #.#
##...## #.# #.###### ##'##


There were no monsters in sight!

Vanquished Creatures
  An orc wizard (D:3)
  A dart slug (D:2)
  5 orcs (D:3)
  2 bats (D:1)
  4 endoplasms
  A giant cockroach (D:3)
  3 goblins
  2 hobgoblins (D:1)
  3 jackals (D:2)
  4 kobolds
  5 ball pythons
  3 frilled lizards
  7 rats
41 creatures vanquished.

Notes
Turn   | Place    | Note
-------+----------+-------------------------------------------
     0 | D:1      | a11behringer the Minotaur Fighter began the quest for the
                  | Orb.
     0 | D:1      | Reached XP level 1. HP: 19/19 MP: 0/0
    57 | D:1      | Reached skill level 3 in Polearms
   186 | D:1      | Reached XP level 2. HP: 26/26 MP: 1/1
   735 | D:2      | Reached skill level 4 in Polearms
  1087 | D:2      | Reached XP level 3. HP: 31/31 MP: 2/2
  2254 | D:3      | Reached skill level 5 in Polearms
  2254 | D:3      | Reached XP level 4. HP: 6/39 MP: 3/3
  2258 | D:3      | HP: 1/39 [something (1)]
  2265 | D:3      | HP: 1/39 [something (1)]
  2267 | D:3      | Killed from afar by an orc wizard

Illustrated notes

Levels and vault maps discovered:
D:1:      kennysheep_arrival_forest, layout_basic, serial_forest,
          infiniplex_forest_lined_2, infiniplex_forest_corner_1,
          infiniplex_forest_clump_double, infiniplex_forest_straight_3,
          infiniplex_forest_lined_1, infiniplex_forest_clump_double,
          dk_noncrumbling_4
D:2:      layout_basic
D:3:      layout_loops_corners

Skill      XL: |  1  2  3 |
---------------+----------+-----
Polearms       | 3 4 5 |  5.3
Fighting       | |  3.6
Armour         | |  3.6
Dodging        | |  0.2
Shields        | |  3.6

Action                   |  1- 3 |  4- 6 || total
-------------------------+-------+-------++-------
Melee: Trident           |    79 |    13 ||    92
       Headbutt          |    11 |     1 ||    12
Armor: Scale mail        |    30 |     6 ||    36
Dodge: Dodged            |    37 |       ||    37
Block: Buckler           |    13 |       ||    13

Table legend: (Time is in decaauts)
 A = Elapsed time spent in this place.
 B = Non-inter-level travel time spent in this place.
 C = Inter-level travel time spent in this place.
 D = Time resting spent in this place.
 E = Time spent auto-exploring this place.
 F = Levels seen in this place.
 G = Mean time per level.
                   A        B        C        D        E       F      G
               +--------+--------+--------+--------+--------+-----+--------+
         Total |   2276 |   1788 |    488 |      0 |   1523 |   3 |  758.7 |
       Dungeon |   2276 |   1788 |    488 |      0 |   1523 |   3 |  758.7 |
               +--------+--------+--------+--------+--------+-----+--------+

Top non-repeatable levels by time:
     D:3: 796 daAuts
     D:2: 744 daAuts
     D:1: 735 daAuts
